[Event "Early-Titled-Tuesday-Blitz-February-20-2024"]
[Site "Chess.com"]
[Date "2024.02.20"]
[Round "4"]
[White "AlexTruskavetsky"]
[Black "Shield12"]
[Result "0-1"]
[WhiteElo "2715"]
[BlackElo "2971"]
[TimeControl "180+1"]
[EndTime "8:40:51 PST"]
[Termination "Shield12 won by checkmate"]

1. d4 Nf6 2. c4 e6 3. Nc3 Bb4 4.
e3 O-O 5. a3 Bxc3+ 6. bxc3 d6 7. Bd3 e5 8. Ne2 e4 9. Bc2 Re8 10. O-O Qe7 11. f3 Bf5 12. Ng3 Bg6 13. Rb1 exf3 14.
gxf3 b6 15. e4 Qd7 16. Bg5 Nh5 17. Nxh5 Bxh5 18. Rf2 f6 19. Be3 Qf7 20. c5 d5 21.
cxb6 axb6 22. Qc1 Nc6 23. Bb3 Ne7 24. Bf4 c6 25. c4 Kh8 26. cxd5 cxd5 27. Kh1 Qg6 28.
e5 Rac8 29. Qd1 Qf5 30. Bg3 Rc3 31. Kg2 Bxf3+ 32. Rxf3 Rxf3 33. Qxf3 Qxb1 34. exf6 Nf5 35. fxg7+ Nxg7 36. Bxd5 Qc2+ 37. Kh3 Qc8+ 38. Kg2 Rf8 39. Qd3 Qg4 40. Bf3 Qg5 41. h4 Qg6 42. Qxg6 hxg6 43. Bc7 Nf5 44. Be4 b5 45. Kh3 Nxd4 46. Be5+ Kh7 47. h5 Nf5 48. hxg6+ Kh6 49. Bxf5 Rxf5 50. g7 Kh7 51. Bd6 Kxg7 52. Kg4 Kf6 53. Be7+ Ke6 54.
Bb4 Ke5 55. Bc3+ Ke4 56. Bb4 Rf1 57. Kg3 Rf3+ 58. Kg2 Ke3 59. Bc5+ Ke2 60. Bb4 Rf7 61. Kg3 Ke3 62. Kg4 Rf4+ 63. Kg3 Rc4 64. Bd6 Kd3 65. Kf3 Kc3 66. Ke3 Kb3 67. Kd2 Rd4+ 68. Kc1 Rxd6 69.
Kb1 Rd1# 0-1

[Event "Early-Titled-Tuesday-Blitz-February-20-2024"]
[Site "Chess.com"]
[Date "2024.02.20"]
[Round "4"]
[White "gshwbedhkhd"]
[Black "emeli_chess"]
[Result "0-1"]
[WhiteElo "2607"]
[BlackElo "2426"]
[TimeControl "180+1"]
[EndTime "8:40:51 PST"]
[Termination "emeli_chess won on time"]

1. e4 e5 2. Nf3 Nc6 3. Nc3 Nf6 4. a3 d5 5. Bb5 d4 6. Ne2 Bd6 7. d3 h6 8. h3 Bd7 9. g4 Ne7 10. Bc4 Be6 11. Bxe6 fxe6 12. c3 c5 13. g5 Nh5 14.
gxh6 gxh6 15. Nexd4 cxd4 16. Nxe5 Nf6 17. Nc4 Bc7 18. e5 Nfd5 19. Qh5+ Kd7 20. cxd4 Qf8 21. Bd2 Qf5 22. Qg4 h5 23. Qe4 Raf8 24. Rh2 Qf3 25.
Bg5 Qxe4+ 26. dxe4 Nf4 27. O-O-O h4 28. f3 Rh5 29.
Bf6 Ng8 30. Bg7 Rf7 31. Rg1 Rh7 32. Bf6 Nxf6 33. exf6 Rxf6 34. Rd2 Nxh3 35. Rh1 Nf4 36. Ne5+ Ke8 37. Ng4 Rg6 38. e5 Nd5 39. Rc2 Bb6 40.
Rc8+ Kd7 41. Rb8 Kc7 42. Rf8 Bxd4 43. Kd2 h3 44. Rc1+ Kb6 45. b4 h2 46. Rh1 Rxg4 47.
fxg4 Bg1 48. Kd3 Rg7 49. Rh8 Rxg4 50. R1xh2 Bxh2 51. Rxh2 Kb5 52. Rh6 Ka4 53. Ke2 Kxa3 54. Kf3 Rxb4 55. Rxe6 Rd4 56. Re8 b5 57. Ra8 Kb2 58. Rxa7 b4 59. e6 b3 60. e7 Nxe7 61.
Rxe7 Kc1 62. Re1+ Kc2 63. Re2+ Rd2 64. Re6 b2 65. Rc6+ Kd1 66. Rb6 Kc1 67. Ke3 Rc2 68.
Rh6 b1=Q 69. Rh1+ Kb2 0-1

[Event "Early-Titled-Tuesday-Blitz-February-20-2024"]
[Site "Chess.com"]
[Date "2024.02.20"]
[Round "4"]
[White "HelvertHernandez"]
[Black "rikchessmx"]
[Result "1/2-1/2"]
[WhiteElo "1982"]
[BlackElo "2242"]
[TimeControl "180+1"]
[EndTime "8:40:56 PST"]
[Termination "Game drawn by stalemate"]

1. e4 d5 2. exd5 Qxd5 3. Nc3 Qa5 4. d4 Nf6 5. Bd2 Nc6 6. Nf3 Qh5 7. Be2 Bg4 8. h3 e6 9. O-O Bxh3 10. gxh3 Qxh3 11. Nh2 h5 12. Bf3 Ng4 13. Bf4 Bd6 14. Qd2 Nxh2 15. Bg2 Nf3+ 16. Bxf3 Qxf3 17. Bxd6 cxd6 18. Qe3 Qg4+ 19.
Qg3 Nxd4 20. Qxg4 hxg4 21. Rac1 Ke7 22. Rfd1 Nf3+ 23. Kg2 Rh3 24. Ne4 Rah8 25. Ng3 Rh2+ 26. Kf1 f5 27. c4 b6 28. b4 Rc8 29. a4 Ne5 30. Rd4 a5 31. bxa5 bxa5 32. Rb1 f4 33. Rb7+ Kf6 34. Ne4+ Kg6 35. Nxd6 f3 36. Ke1 Rd8 37. c5 Rh1+ 38. Kd2 Rf1 39. Ke3 Rf8 40. Re4 Re1+ 41. Kd2 Rxe4 42. Nxe4 Kf5 43. Nd6+ Kf4 44. Rxg7 Rd8 45. Kc3 Rc8 46. Kd4 Nc6+ 47. Kc4 Ne5+ 48. Kb5 Nd3 49. Kxa5 Nxc5 50. Kb6 Nxa4+ 51. Kb5 Rd8 52. Nc4 Nc3+ 53. Kb4 Ne4 54. Kb3 Rd1 55. Rf7+ Kg5 56. Ne3 Rd2 57. Kc4 Nxf2 58. Re7 Kf6 59. Re8 Re2 60. Nxg4+ Nxg4 61. Rf8+ Ke5 62. Rxf3 Ne3+ 63.
Kd3 Re1 64. Rxe3+ Rxe3+ 65. Kxe3 Kd5 66. Kd3 e5 67. Ke3 e4 68. Ke2 Ke5 69. Ke3 Kf5 70.
Ke2 Kf4 71. Kf2 e3+ 72. Ke2 Ke4 73. Ke1 Kf3 74. Kf1 Kg3 75. Ke2 Kf4 76. Ke1 Kf3 77. Kf1 Ke4 78. Ke2 Kd4 79. Ke1 Kd3 80. Kd1 e2+ 81.
Ke1 Ke3 1/2-1/2

[Event "Early-Titled-Tuesday-Blitz-February-20-2024"]
[Site "Chess.com"]
[Date "2024.02.20"]
[Round "4"]
[White "DuleMudule"]
[Black "Mesa_1"]
[Result "1-0"]
[WhiteElo "2849"]
[BlackElo "2571"]
[TimeControl "180+1"]
[EndTime "8:40:59 PST"]
[Termination "DuleMudule won by resignation"]

1. d4 Nf6 2. Nc3 e6 3. e4 d5 4. e5 Nfd7 5. f4 c5 6. Nf3 Nc6 7. Be3 cxd4 8. Nxd4 Qb6 9. a3 Bc5 10. Ncb5 a6 11. b4 axb5 12. bxc5 Qxc5 13. Nf5 d4 14.
Nxd4 Ra4 15. Nf5 Qc3+ 16. Bd2 Re4+ 17. Be2 Rxe2+ 18. Kxe2 Qc4+ 19. Kf2 exf5 20. Be3 Nc5 21. Qe2 Ne4+ 22. Kf3 Qc3 23. Rad1 O-O 24. Rd3 Qc4 25. Re1 b6 26. Rb3 Qe6 27. Qxb5 Qg6 28. g3 Be6 29. Rd3 h5 30. Qxc6 h4 31. Bf2 Qg4+ 32.
Kg2 h3+ 33. Kf1 Rc8 34. Qa4 Rc4 35. Qa8+ Kh7 36. c3 Nxc3 37. Qf3 Qg6 38. Rxc3 Bd5 39. Qd3 Qc6 40. Rec1 b5 41. Ke1 Be4 42. Rxc4 bxc4 43. Qe2 Qd5 44. Qxc4 Qa5+ 45. Qc3 Qa6 46. Be3 Bg2 47. Qc2 Qf1+ 48. Kd2 Qf3 49. Qd1 Qd5+ 50.
Ke1 Qe4 51. Kf2 Kg6 52. Qe2 Kh6 53. Rg1 Qd5 54. a4 Be4 55. a5 Bd3 56. Qd2 Qc4 57. g4 fxg4 58. Rxg4 Bf5 59. Rg3 g6 60. Rg1 Qc6 61.
Rg3 Be6 62. f5+ Kh7 63. fxe6 Qxe6 64. Qd4 Qf5+ 65. Qf4 Qc2+ 66. Bd2 Qc5+ 67. Re3 Qc2 68. Qxf7+ Kh6 69. Qd7 Qf5+ 70. Qxf5 1-0

[Event "Early-Titled-Tuesday-Blitz-February-20-2024"]
[Site "Chess.com"]
[Date "2024.02.20"]
[Round "4"]
[White "margarita_2703"]
[Black "bulletteemo"]
[Result "1-0"]
[WhiteElo "2392"]
[BlackElo "2591"]
[TimeControl "180+1"]
[EndTime "8:41:03 PST"]
[Termination "margarita_2703 won by resignation"]

1. e4 c5 2. Nf3 d6 3. d4 cxd4 4.
Qxd4 Bd7 5. Be3 Nc6 6. Qd2 Nf6 7. Nc3 a6 8. h3 b5 9. a3 e6 10. Be2 Be7 11. Nd4 O-O 12. O-O Rc8 13. Rad1 Qc7 14. f4 Nxd4 15. Bxd4 e5 16. Be3 Bc6 17. Bf3 a5 18.
Nd5 Bxd5 19. exd5 exf4 20. Bxf4 Qxc2 21. Rfe1 Qxd2 22. Bxd2 Bd8 23. Rc1 Bb6+ 24. Kf1 Nd7 25. Bg4 f5 26. Be2 Nc5 27. Bxb5 Ne4 28. Bf4 Bd4 29. b4 axb4 30. axb4 Bc3 31. Red1 Bxb4 32.
Bd3 Bc5 33. Ke2 Rfe8 34. Bxe4 Rxe4+ 35. Kf3 h6 36. Bxd6 Re3+ 37. Kf4 Bxd6+ 38. Kxe3 Re8+ 39. Kf3 Kf7 40. Rc6 Rd8 41. Rb1 Kf6 42. Rbb6 Ke5 43. Rb5 g5 44. Rc2 h5 45. Re2+ Kd4 46. Rb7 g4+ 47.
Kf2 Kxd5 48. Rf7 Bc5+ 49. Kf1 Ra8 50. Rxf5+ Kd6 51. Rxh5 g3 52. Rd2+ Kc6 53. Ke2 Re8+ 54. Kf3 Rf8+ 55. Kg4 Rg8+ 56. Kf4 Bf2 57. Rh6+ Kb5 58.
Rd5+ Kc4 59. Rf5 Re8 60. Rc6+ Kd3 61. Ra6 Be3+ 62. Kf3 Bf2 63. Ra3+ Kc4 64. Rf4+ Kb5 65. Rd3 Kc5 66. Rf5+ Kc4 67. Rd2 Re1 68. Re2 Rf1 69. Kg4 Rg1 70. Rfxf2 gxf2 71. Rxf2 Kd4 72.
Kg3 Ke5 73. h4 Rh1 74. Kg4 Ra1 75. g3 Ra8 76. Rf4 Rg8+ 77. Kf3 Rh8 78. Rf7 Ke6 79.
Rf4 Ke5 80. Kg4 Rg8+ 81. Kh3 Rh8 82. Rf1 Ke4 83. g4 Ke5 84. h5 Rg8 85. Kh4 1-0

[Event "Early-Titled-Tuesday-Blitz-February-20-2024"]
[Site "Chess.com"]
[Date "2024.02.20"]
[Round "4"]
[White "adotand"]
[Black "deribas12345"]
[Result "1/2-1/2"]
[WhiteElo "2942"]
[BlackElo "2618"]
[TimeControl "180+1"]
[EndTime "8:41:24 PST"]
[Termination "Game drawn by repetition"]

1. e4 c5 2. Nf3 d6 3. d4 cxd4 4. Nxd4 Nf6 5. Nc3 e5 6. Bb5+ Nbd7 7. Nf5 a6 8. Bxd7+ Qxd7 9. Ne3 Be7 10. O-O O-O 11.
Ned5 Nxd5 12. Nxd5 Bd8 13. Be3 Qa4 14. Qd3 Be6 15. b3 Qc6 16. c4 Bxd5 17. exd5 Qd7 18. Rac1 f5 19. f3 b6 20. b4 a5 21. a3 axb4 22.
axb4 Ra2 23. c5 bxc5 24. bxc5 dxc5 25. Bxc5 Re8 26. d6 Kh8 27. Qd5 Ra5 28. Qb3 h6 29. Kh1 Bg5 30. Rc2 Bf6 31. h3 e4 32. fxe4 fxe4 33.
Bb4 Rb5 34. Qc4 e3 35. Re1 Qb7 36. Bc3 Bxc3 37. Qxc3 Rbe5 38. Qd3 Qd5 39. Qa3 Rd8 40. Rce2 Qxd6 41. Qc3 Rde8 42. Rxe3 Rxe3 43. Rxe3 Rxe3 44. Qxe3 Qd1+ 45. Kh2 Qd7 46. Qf4 Qe7 47. h4 Qd7 48. h5 Qe7 49. Kh3 Qd7+ 50. g4 Qe7 51. Qf3 Qd7 52. Qf8+ Kh7 53. Qf3 Qd2 54. Qe4+ Kh8 55. Kg3 Qc3+ 56. Kf4 Qc1+ 57. Kf5 Qc7 58. Qe8+ Kh7 59.
Qg6+ Kh8 60. Qe8+ Kh7 61. Qe6 Qc2+ 62. Ke5 Qe2+ 63. Kd6 Qd1+ 64. Ke7 Qc1 65. Qf5+ Kh8 66. Kf8 Qc4 67. Qd7 Qc5+ 68. Kf7 Qf2+ 69. Ke8 Qe3+ 70. Kd8 Qg5+ 71. Kc7 Kh7 72. Qf7 Qxg4 73. Kd6 Qg5 74. Ke6 Qg4+ 75. Ke7 Qg5+ 76. Ke8 Qe5+ 77. Kf8 Qf6 78.
Ke8 Qxf7+ 79. Kxf7 Kh8 80. Kf8 Kh7 81. Kf7 Kh8 82. Kf8 Kh7 83. Kf7 1/2-1/2

[Event "Early-Titled-Tuesday-Blitz-February-20-2024"]
[Site "Chess.com"]
[Date "2024.02.20"]
[Round "4"]
[White "Ordekalog"]
[Black "SchmakAttack"]
[Result "1-0"]
[WhiteElo "2611"]
[BlackElo "2799"]
[TimeControl "180+1"]
[EndTime "8:41:30 PST"]
[Termination "Ordekalog won by resignation"]

1. e4 Nf6 2. e5 Nd5 3. d4 d6 4. Nf3 Bg4 5. Be2 c6 6. O-O Nd7 7. Ng5 Bxe2 8. Qxe2 dxe5 9. dxe5 e6 10. c4 N5b6 11.
Nc3 Be7 12. Qh5 g6 13. Qh6 Nxe5 14. Bf4 Bf8 15. Qh3 Nexc4 16. Rfe1 Qd7 17. b3 Nd6 18. Be5 O-O-O 19. Bxh8 Be7 20. Nxf7 Nxf7 21. Qxe6 Qxe6 22. Rxe6 Ba3 23. Bf6 Rd2 24. Rae1 Nd7 25. Bg7 a6 26. h3 Kc7 27. Rd1 Rxd1+ 28. Nxd1 b5 29. Ne3 Bc5 30. Nc2 a5 31. Bd4 Bd6 32. g4 Ng5 33. Re3 Bf4 34. Rd3 Ne6 35. Be3 Be5 36. h4 Bd6 37. h5 Ne5 38. Rd1 Nxg4 39. Bc1 Ne5 40. Ne3 gxh5 41.
Nf5 Bf8 42. Bb2 Nd7 43. Nd4 Nxd4 44. Bxd4 Bd6 45. Kg2 c5 46. Be3 Kc6 47. f4 Nf6 48. Kf3 Nd5 49. Bc1 c4 50. f5 c3 51. Ke4 Nb4 52. a3 Na2 53. f6 c2 54. Rd2 Nxc1 55. Rxc2+ Kd7 56. Rxc1 Bxa3 57. Re1 Ke6 58. Rf1 Kf7 59. Rf5 Bb2 60. Rxb5 Bxf6 61. Rxh5 Bc3 62. Rxh7+ Ke6 63. Rb7 Bb4 64. Rb5 Kd6 65. Kd4 Kc6 66. Kc4 Bd2 67. Rh5 Bb4 68. Rf5 Bd2 69. Rf6+ Kc7 70. Kb5 Bb4 71. Ra6 Kb7 72. Rb6+ Kc7 73. Rg6 Kb7 74. Rg7+ Kc8 75. Rf7 Kb8 76. Rd7 Kc8 77.
Rd4 Be1 78. Rc4+ Kb7 79. Re4 Bd2 80. Re5 Bc3 81. Rd5 Be1 82. Rd7+ Kc8 83. Ra7 Bb4 84. Rxa5 Be1 85. Ra7 Kb8 86. Rf7 Bd2 87. b4 Bc3 88. Kc4 Bd2 89. b5 Be3 90. Kd5 Bg1 91. Kc6 Be3 92.
Rb7+ Kc8 93. Re7 Bg5 94. Re8+ Bd8 95. b6 1-0

[Event "Early-Titled-Tuesday-Blitz-February-20-2024"]
[Site "Chess.com"]
[Date "2024.02.20"]
[Round "4"]
[White "simonachess"]
[Black "zurzan"]
[Result "1/2-1/2"]
[WhiteElo "2298"]
[BlackElo "2058"]
[TimeControl "180+1"]
[EndTime "8:41:40 PST"]
[Termination "Game drawn - timeout vs insufficient material"]

1. d4 Nf6 2. c4 g6 3. Nf3 Bg7 4. g3 O-O 5. Bg2 c5 6. d5 d6 7. Nc3 a6 8. O-O e6 9. dxe6 Bxe6 10. Qd3 Nc6 11. a3 Bf5 12. e4 Be6 13. b3 Rb8 14. Bb2 Na5 15. Qc2 b5 16. Nd5 bxc4 17. bxc4 Rxb2 18.
Qxb2 Nxd5 19. Qc2 Nb6 20. Rac1 Nbxc4 21. Rfe1 Nxa3 22. Qa4 N3c4 23. Bf1 Nb2 24. Qa3 c4 25. e5 Nd3 26. Bxd3 cxd3 27. Qxd3 dxe5 28. Qxd8 Rxd8 29. Nxe5 Nb3 30. Rc7 a5 31. Ra7 Bxe5 32. Rxe5 Rd4 33. f4 a4 34. Rb5 Nd2 35. Kf2 Bb3 36. Ke3 Rd6 37. Rb8+ Kg7 38. g4 Nc4+ 39. Ke4 Rd2 40.
f5 Re2+ 41. Kf3 Re3+ 42. Kf4 Re1 43. h4 gxf5 44. gxf5 Rf1+ 45. Ke4 Bc2+ 46. Kd4 Nd6 47. Kc3 Bb3 48. Kb4 Nxf5 49. Ka3 Ne3 50. Rbb7 Rf4 51. Kb2 Rxh4 52. Kc3 Nd5+ 53. Kd3 Nf6 54. Ke2 Rh2+ 55. Kf3 Bd1+ 56. Kg3 Rd2 57. Rxf7+ Kg6 58. Rg7+ Kf5 59. Rgf7 h5 60. Ra5+ Kg6 61. Rf8 Kg7 62. Rb8 Ne4+ 63. Kf4 Nf6 64. Rb7+ Rd7 65. Rb6 h4 66. Kg5 Rf7 67. Kxh4 Ne4 68. Rba6 Nc3 69. Ra7 Rxa7 70. Rxa7+ Kf6 71. Kg3 Ke5 72. Kf2 Kd4 73. Ke1 Bb3 74.
Kd2 Nb5 75. Ra8 Kc4 76. Kc1 Kb4 77. Rxa4+ Kxa4 78. Kd2 Kb4 79. Ke3 Bc4 80. Ke4 Nc3+ 81. Ke5 Kc5 82. Kf4 Nd5+ 83. Kf3 Kd4 84. Kg4 Bd3 85.
Kg5 Ke4 86. Kg6 Nf4+ 87. Kf7 Ke5 88. Ke7 Nd5+ 89. Kf7 Bf5 90. Ke8 Kd6 91. Kf7 Be6+ 92. Kg7 Ke5 93. Kg6 Nf6 94. Kg7 Kf5 95. Kf8 Kg6 96.
Ke7 Bf5 97. Kd6 Kf7 98. Ke5 Bg6 99. Kf4 Nh5+ 100. Kg5 1/2-1/2

[Event "Early-Titled-Tuesday-Blitz-February-20-2024"]
[Site "Chess.com"]
[Date "2024.02.20"]
[Round "4"]
[White "mishanick"]
[Black "xamax2000"]
[Result "1/2-1/2"]
[WhiteElo "3054"]
[BlackElo "2863"]
[TimeControl "180+1"]
[EndTime "8:41:44 PST"]
[Termination "Game drawn by 50-move rule"]

1. d4 d5 2. c4 e6 3. Nc3 Nf6 4. Bg5 c6 5. e3 h6 6. Bh4 Be7 7. Bd3 O-O 8. Nf3 dxc4 9. Bxc4 Nbd7 10. O-O b5 11. Bd3 Bb7 12. Rc1 Rc8 13. a3 a5 14.
Ne5 b4 15. axb4 axb4 16. Na4 c5 17. Bb5 Nxe5 18. dxe5 Nd5 19. Bxe7 Qxe7 20. Qg4 Bc6 21. Rxc5 Bxb5 22. Rxb5 Rc2 23. Qd4 Rfc8 24. g3 R2c4 25. Qd3 Qd7 26. Rxd5 Qxd5 27. Qxd5 exd5 28. Nb6 R8c5 29.
Nxc4 dxc4 30. Rc1 c3 31. bxc3 Rxc3 32. Rb1 b3 33. Kf1 g5 34. h3 h5 35. g4 hxg4 36. hxg4 Rc5 37. Ke2 Rxe5 38. Rxb3 Kg7 39. Rb4 Ra5 40.
Kd3 Ra2 41. f3 Ra3+ 42. Ke4 Ra5 43. Rd4 Kg6 44. Rd5 Ra4+ 45. Rd4 Ra5 46. Rd6+ f6 47. f4 gxf4 48. exf4 Ra4+ 49. Kf3 Kg7 50. Kg3 Ra1 51. Rd7+ Kg8 52. Kf3 Re1 53. Rc7 Kf8 54. Kf2 Re4 55. Kg3 Re1 56. Ra7 Kg8 57. Kf3 Kf8 58. Rh7 Kg8 59. Rh2 Kg7 60. Re2 Rf1+ 61. Ke4 Ra1 62. Kf5 Ra5+ 63. Ke6 Ra6+ 64. Ke7 Ra7+ 65. Ke8 Ra8+ 66.
Kd7 Ra7+ 67. Ke6 Ra6+ 68. Kf5 Ra5+ 69. Ke4 Ra4+ 70. Kf3 Ra3+ 71. Re3 Ra1 72. Re7+ Kf8 73. Rd7 Re1 74. Kf2 Re4 75. Kg3 Re1 76. Rb7 Kg8 77. Kf3 Kf8 78. Rc7 Re6 79. Rc3 Re1 80. Re3 Ra1 81.
Ke4 Kf7 82. Rd3 Ra4+ 83. Kf3 Ra1 84. Rd7+ Kf8 85. Ke4 Ra5 86. Rd5 Ra7 87. Kf5 Kf7 88. Rc5 Rb7 89. Ra5 Rc7 90. Ra6 Rc5+ 91. Ke4 Rc4+ 92.
Ke3 Rc3+ 93. Kd4 Rc7 94. Kd5 Rb7 95. Ra4 Rd7+ 96. Ke4 Rb7 97. Ra5 Rc7 98. Kf5 1/2-1/2

[Event "Early-Titled-Tuesday-Blitz-February-20-2024"]
[Site "Chess.com"]
[Date "2024.02.20"]
[Round "4"]
[White "Sanyura"]
[Black "artin10862"]
[Result "1-0"]
[WhiteElo "2621"]
[BlackElo "2900"]
[TimeControl "180+1"]
[EndTime "8:41:54 PST"]
[Termination "Sanyura won by checkmate"]

1. Nf3 Nf6 2. g3 e6 3. Bg2 d5 4. O-O Be7 5. d3 O-O 6. Nbd2 c5 7. e4 Nc6 8. exd5 Nxd5 9. Nc4 b6 10. Nfe5 Bb7 11.
Nxc6 Bxc6 12. Ne5 Bb7 13. c4 Qc7 14. cxd5 Qxe5 15. d6 Bxg2 16. dxe7 Bxf1 17. exf8=Q+ Rxf8 18. Qxf1 Rd8 19. a4 h5 20. h4 Rd4 21. Bd2 Qd6 22.
Bc3 Rxd3 23. Qe2 Qd5 24. Re1 a5 25. Kh2 Rf3 26. Qc2 f6 27. Kg1 Rd3 28. Qe2 Kf7 29. Qc2 e5 30. Qe2 g6 31. Kh2 Qd7 32. Qe4 Qd5 33.
Qxd5+ Rxd5 34. Kg2 Rd3 35. Kf1 Ke6 36. Ke2 Rd5 37.
f3 Rd6 38. Ke3 Kf5 39. Rg1 Rd8 40. Rf1 Rd6 41. Rf2 Ke6 42. g4 hxg4 43. fxg4 f5 44. gxf5+ gxf5 45. Rg2 Rd1 46. Rg6+ Kd5 47. Rg5 Rf1 48. Ke2 Rf4 49. h5 Ke4 50. h6 Rh4 51. Rg6 f4 52. Re6 Rh2+ 53. Kf1 Kf3 54. Kg1 Rg2+ 55.
Kh1 Rg4 56. Bxe5 Kf2 57. Bf6 f3 58. Kh2 Rg2+ 59. Kh3 Kg1 60. Bh4 f2 61. Bxf2+ Rxf2 62. Kg4 Rxb2 63. Kg5 c4 64. h7 Rg2+ 65. Kf5 Rh2 66.
Kg6 Kf2 67. Rc6 Ke3 68. Rxc4 Kd3 69. Rc6 Rg2+ 70. Kf7 Rf2+ 71. Kg7 Rg2+ 72. Rg6 Rh2 73. Rxb6 Kc4 74. Rb5 Rg2+ 75. Kh8 Rg3 76. Rxa5 Kb4 77. Ra7 Kc5 78. Rg7 Rd3 79. Rf7 Rg3 80. a5 Kb5 81. Rg7 Rd3 82. Rb7+ Kxa5 83. Kg8 Rd8+ 84. Kg7 Ka6 85. Rf7 Kb6 86. h8=Q Rxh8 87. Kxh8 Kc6 88. Kg7 Kd5 89. Re7 Kd4 90. Kf6 Kd5 91. Re8 Kd6 92.
Rd8+ Kc6 93. Ke7 Kc5 94. Ke6 Kc6 95. Rc8+ Kb5 96. Kd7 Kb6 97. Rc1 Kb5 98. Kd6 Kb4 99. Kd5 Kb3 100. Kd4 Kb4 101. Rb1+ Ka5 102. Kc4 Ka6 103. Kc5 Ka7 104. Kc6 Ka8 105. Kc7 Ka7 106. Ra1# 1-0

[Event "Early-Titled-Tuesday-Blitz-February-20-2024"]
[Site "Chess.com"]
[Date "2024.02.20"]
[Round "4"]
[White "Hudijegszid"]
[Black "Orest_Vovk"]
[Result "0-1"]
[WhiteElo "2349"]
[BlackElo "2659"]
[TimeControl "180+1"]
[EndTime "8:42:25 PST"]
[Termination "Orest_Vovk won by resignation"]

1. Nf3 h6 2. c4 g5 3. Nc3 Bg7 4. d4 c5 5. d5 Bxc3+ 6. bxc3 d6 7. e4 Qa5 8. Qc2 Nf6 9. Bd3 Nbd7 10. O-O g4 11.
Nh4 Ne5 12. Be2 Bd7 13. f4 gxf3 14. Nxf3 Nxf3+ 15. gxf3 Rg8+ 16. Kh1 O-O-O 17. Bd2 Bh3 18.
Rg1 h5 19. Rxg8 Rxg8 20. Rg1 Rxg1+ 21. Kxg1 Qd8 22. Bf1 Qg8+ 23. Kf2 Bxf1 24. Kxf1 h4 25. Bf4 Nh5 26. Be3 h3 27. Qf2 Qg7 28. Bd2 Qe5 29.
Kg1 Nf4 30. Qh4 Ne2+ 31. Kh1 Nxc3 32. Qxh3+ Kc7 33. Qg3 Qd4 34. Bxc3 Qxc3 35. h4 Qxc4 36. h5 Qc1+ 37. Kh2 Qh6 38. Qg4 c4 39. Qf5 f6 40.
Kh3 c3 41. e5 fxe5 42. Kg4 Qf4+ 43. Qxf4 exf4 44. h6 c2 45. h7 c1=Q 46. h8=Q Qg1+ 47.
Kxf4 Qc1+ 48. Kg3 Qg5+ 49. Kf2 Qxd5 50. Qe8 Qc5+ 51. Kg3 Qe5+ 52. Kg2 Qe6 53. a4 Qd7 54. Qf7 b6 55. Qc4+ Kb8 56. Kg3 e5 57. Qe4 Qg7+ 58.
Kf2 Qc7 59. Kg3 a6 60. Qd5 Ka7 61. Kg4 Qd7+ 62. Kg5 Qxa4 63. Qxd6 Qf4+ 64. Kg6 Qxf3 65. Qc7+ Qb7 66. Qxe5 a5 67. Kf5 Qc8+ 68. Kf4 Qd7 69. Ke3 a4 70. Qc3 Ka6 71. Qb4 b5 72. Qc5 Ka5 73. Qc3+ Ka6 74. Qc5 Qe6+ 75. Kd2 Qb6 76.
Qf8 Qb7 77. Kc1 Ka7 78. Kb1 Qc6 79. Qf2+ Qb6 80. Qf7+ Ka6 81. Qf8 Qg6+ 82. Kb2 Qc6 83. Qh8 Qg2+ 84. Kb1 Qg6+ 85. Kb2 Qd6 86. Qc8+ Kb6 87.
Qg8 b4 88. Qe8 Qc6 89. Qb8+ Ka5 90. Qa7+ Kb5 91. Qb8+ Qb6 92. Qe5+ Ka6 93. Qe8 Ka5 94. Qa8+ Kb5 95. Qe8+ Qc6 96. Qb8+ Kc5 97. Qe5+ Qd5 98. Qc7+ Kd4 99. Qb6+ Qc5 100. Qd8+ Ke3 101. Qe8+ Kd2 102. Qxa4 Qc3+ 103. Kb1 Qd3+ 104. Kb2 Qc3+ 105. Kb1 Qc1+ 106. Ka2 Qc2+ 107. Qxc2+ Kxc2 108. Ka1 Kc3 109. Kb1 Kb3 110. Ka1 Kc2 111. Ka2 b3+ 112. Ka3 b2 0-1

[Event "Early-Titled-Tuesday-Blitz-February-20-2024"]
[Site "Chess.com"]
[Date "2024.02.20"]
[Round "4"]
[White "invisible_s0ul"]
[Black "Smile2005"]
[Result "1-0"]
[WhiteElo "2215"]
[BlackElo "2389"]
[TimeControl "180+1"]
[EndTime "8:42:32 PST"]
[Termination "invisible_s0ul won by checkmate"]

1. e4 c5 2. Nf3 e6 3. d4 cxd4 4.
Nxd4 a6 5. Bd3 Bc5 6. Nb3 Ba7 7.
c4 Nf6 8. e5 Ng8 9. Qg4 Kf8 10.
h4 Nc6 11. Bf4 Nge7 12. O-O h5 13. Qg3 Ng6 14. Bxg6 fxg6 15. Nc3 Kf7 16. Ne4 Rf8 17. Nd6+ Kg8 18. Bg5 Qb6 19. Be3 Qc7 20. Bd2 b5 21. cxb5 Nxe5 22. Qxe5 Bb8 23. Bc3 Rf7 24. Nxf7 Qxe5 25.
Nxe5 axb5 26. Nxg6 Bb7 27. Ne5 Bd5 28. Bd4 d6 29.
Nd3 Ra4 30. Be3 e5 31. Ndc1 Rxh4 32. Ne2 Bc4 33. Ng3 g6 34. Rfc1 d5 35. Nd2 d4 36.
Nxc4 bxc4 37. Rxc4 Rg4 38. Rc8+ Kf7 39. Rxb8 dxe3 40.
Rb7+ Ke6 41. Ne4 Rxe4 42. f3 Rd4 43. Rb6+ Kf5 44. Re1 Rd3 45. a4 g5 46. a5 Kf4 47.
Rf6+ Kg3 48. Rf5 g4 49. fxg4 hxg4 50. Rxe5 Kf4 51. R5xe3 Rd2 52. Re4+ Kf5 53. Re5+ Kf4 54. R5e3 Rxb2 55. a6 Ra2 56. Re6 Kg3 57. R6e3+ Kh4 58. Re6 Kg3 59. R1e3+ Kf4 60. R3e4+ Kg3 61. Re3+ Kf4 62.
Re8 Rxa6 63. Re1 Kg3 64. Rf8 Ra3 65. Ref1 Ra2 66. R8f2 Ra3 67. Rc2 Rd3 68. Rfc1 Kh4 69. Rc3 Rd2 70. Kh2 Ra2 71. R1c2 g3+ 72. Kg1 Ra1+ 73.
Rc1 Ra2 74. Kf1 Rf2+ 75. Kg1 Ra2 76. Rc4+ Kg5 77. Rd4 Ra5 78. Rd3 Kf4 79. Rc4+ Ke5 80. Rxg3 Ra1+ 81. Kh2 Ra2 82. Rcg4 Kf5 83. Rg5+ Kf6 84.
Kh3 Ra8 85. Rh5 Ra4 86. Rf3+ Kg6 87. g4 Ra1 88. Kh4 Rh1+ 89. Rh3 Ra1 90. Rg5+ Kh6 91. Rf5 Kg6 92. Rc5 Rg1 93. Rd3 Rh1+ 94. Rh3 Rg1 95. Rc6+ Kf7 96. Kg5 Ra1 97. Rh7+ Kg8 98. Rb7 Ra5+ 99.
Kh6 Ra8 100. g5 Kh8 101. g6 Kg8 102. Rcc7 Kf8 103. Rh7 Kg8 104. Rbg7+ Kf8 105. Rh8# 1-0

[Event "Early-Titled-Tuesday-Blitz-February-20-2024"]
[Site "Chess.com"]
[Date "2024.02.20"]
[Round "4"]
[White "ChessLover0108"]
[Black "GoltsevDmitry2000"]
[Result "1/2-1/2"]
[WhiteElo "2964"]
[BlackElo "2791"]
[TimeControl "180+1"]
[EndTime "8:42:45 PST"]
[Termination "Game drawn by 50-move rule"]

1. d4 e6 2. Nf3 Nf6 3. c4 c5 4. g3 d5 5. cxd5 exd5 6. Bg2 Nc6 7. O-O Be7 8. dxc5 Bxc5 9. Bg5 O-O 10. Nc3 Be6 11. Rc1 Bb6 12. Nb5 h6 13. Bf4 Ne4 14.
Nfd4 Nxd4 15. Nxd4 Qf6 16. Nxe6 Qxe6 17. Bc7 Rac8 18.
Bxb6 Rxc1 19. Qxc1 Qxb6 20. e3 Qe6 21. Qc2 Rc8 22. Qd3 Qe5 23. Qb5 b6 24. Qe2 Qc7 25.
Rd1 Qc2 26. Qxc2 Rxc2 27. Rxd5 Nxf2 28. b4 g6 29. h3 Rxa2 30. b5 f5 31. Rd7 Ne4 32.
Rd8+ Kg7 33. g4 Kf6 34. gxf5 gxf5 35. Rf8+ Kg6 36. Rg8+ Kf7 37. Rh8 Nc3 38. Rxh6 Ra1+ 39. Kh2 Nxb5 40. Rh5 Kg6 41. Rh8 Nc3 42. Rc8 Ne4 43. h4 Ra2 44. Kh3 Nf6 45. Rc6 Ra3 46. Kg3 Rxe3+ 47. Kf4 Ra3 48. h5+ Kf7 49. h6 Ra4+ 50.
Kxf5 Ra5+ 51. Kf4 Rh5 52. Rc7+ Ke6 53. Rxa7 Rxh6 54. Kg5 Rh5+ 55. Kf4 Rf5+ 56. Ke3 Re5+ 57. Kd4 Re2 58. Bf3 Rd2+ 59. Ke3 Rd6 60. Rb7 Kf5 61. Rb8 Re6+ 62. Kd4 Rd6+ 63. Kc4 Nd7 64. Rb7 Ne5+ 65. Kb5 Nxf3 66. Rxb6 Rd5+ 67. Ka6 Ne5 68. Rb5 Rd6+ 69. Ka5 Rd1 70. Kb6 Ke4 71. Kb7 Rd7+ 72. Kc8 Rh7 73.
Rb7 Rh8+ 74. Kc7 Kd5 75. Kb6 Rh6+ 76. Ka7 Nc6+ 77. Ka6 Kc5 78. Rb5+ Kd6 79. Rb1 Rh2 80. Kb6 Rd2 81. Rb5 Ne5 82. Rb1 Nc4+ 83. Kb7 Kc5 84. Rh1 Rd7+ 85. Ka6 Rd6+ 86. Kb7 Rd5 87. Rg1 Nd6+ 88.
Kc7 Rf5 89. Rc1+ Nc4 90. Kd7 Re5 91. Rh1 Nb6+ 92. Kd8 Rg5 93. Rh6 Rg7 94. Ke8 Nd5 95. Kf8 Ra7 96. Rh5 Kd6 97. Rh6+ Ke5 98. Rh1 Nf4 99.
Re1+ Kf6 100. Ke8 Rb7 101. Kd8 Ne6+ 102. Kc8 Rh7 103. Kb8 Nd4 104. Rd1 Ke5 105. Rd2 Kd5 106. Rd1 Kc5 107. Rc1+ Kd6 108. Rd1 Ke5 109. Re1+ Kd5 110. Rd1 Rg7 111. Rd2 Kc5 112. Rd1 Nc6+ 113. Kc8 Ne5 114. Rc1+ Kd6 115. Rd1+ Ke6 116. Re1 1/2-1/2

[Event "Early-Titled-Tuesday-Blitz-February-20-2024"]
[Site "Chess.com"]
[Date "2024.02.20"]
[Round "5"]
[White "Chessdude1987"]
[Black "Raffael89"]
[Result "1-0"]
[WhiteElo "2312"]
[BlackElo "1847"]
[TimeControl "180+1"]
[EndTime "8:50:55 PST"]
[Termination "Chessdude1987 won by checkmate"]

1. e4 c6 2. Nf3 d5 3. Nc3 dxe4 4. Nxe4 f6 5. d4 Bg4 6. c3 e5 7. Qb3 Bxf3 8. gxf3 exd4 9. Bc4 Qe7 10. Bxg8 f5 11.
Bg5 Qe5 12. Qf7# 1-0

[Event "Early-Titled-Tuesday-Blitz-February-20-2024"]
[Site "Chess.com"]
[Date "2024.02.20"]
[Round "5"]
[White "NovoselovRoman"]
[Black "davigator"]
[Result "1-0"]
[WhiteElo "2544"]
[BlackElo "2350"]
[TimeControl "180+1"]
[EndTime "8:51:01 PST"]
[Termination "NovoselovRoman won by resignation"]

1. d4 Nf6 2. Nc3 d5 3. Bg5 Nbd7 4.
Nf3 c6 5. e3 b5 6. Bd3 b4 7. Ne2 e6 8. Ne5 Qb6 9. f4 a5 10. O-O Ba6 11. Ng3 h6 12. Bxf6 Nxf6 13. f5 c5 14. fxe6 Qxe6 15. Nf5 Bxd3 16. cxd3 Bd6 17.
Nxg7+ 1-0

[Event "Early-Titled-Tuesday-Blitz-February-20-2024"]
[Site "Chess.com"]
[Date "2024.02.20"]
[Round "5"]
[White "artin10862"]
[Black "margarita_2703"]
[Result "1-0"]
[WhiteElo "2901"]
[BlackElo "2391"]
[TimeControl "180+1"]
[EndTime "8:51:18 PST"]
[Termination "artin10862 won by resignation"]

1. Nf3 d5 2. g3 Nf6 3. Bg2 e6 4.
d3 Be7 5. O-O O-O 6. Nbd2 c5 7.
e4 Nc6 8. Re1 Nd4 9. Nxd4 cxd4 10. e5 Nd7 11. Qg4 Qc7 12. Nf3 Rd8 13. Bg5 Bxg5 14. Qxg5 h6 15. Qh4 Qxc2 16. Qxd8+ 1-0